Map: Amygdala

Players

HeroMarine - Winner!

  • Race: Terran Terran
  • Spawn Location: 7:00

DnS

  • Race: Protoss Protoss
  • Spawn Location: 1:00

Event: HomeStory Cup XXVI

VOD

Have the link to the VOD?

Description

Time

  • Played on: Nov. 30, 2024, 11:27 a.m.
  • Length: 8:19

All games in this series

Show
View Real Time Build Order
Export as new Build Order

HeroMarine Terran - Winner!

Build Orders:  

Get SALT Encoding   

  12  0:00  SCV  
  13  0:12  SCV  
  14  0:16  Supply Depot  
  14  0:24  SCV  
  15  0:38  SCV  
  15  0:40  Barracks  
  15  0:42  Refinery  
  16  0:50  SCV  
  16  0:53  Refinery  
  17  1:02  SCV  
  18  1:14  SCV  
  19  1:27  Orbital Command, Reaper  
  20  1:40  Factory  
  20  1:44  Supply Depot  
  20  1:52  SCV  
  21  1:59  Barracks Reactor  
  21  2:04  SCV  
  22  2:14  Command Center  
  22  2:16  SCV  
  23  2:24  Widow Mine  
  23  2:28  SCV  
  26  2:32  Starport  
  26  2:37  Marine x2  
  26  2:41  SCV  
  29  2:45  Supply Depot  
  29  2:47  Factory Tech Lab  
  29  2:53  SCV  
  29  2:55  Marine  
  31  3:06  Marine  
  31  3:07  SCV  
  31  3:08  Cyclone  
  36  3:13  Marine  
  36  3:18  Medivac  
  39  3:26  Orbital Command, SCV  
  40  3:28  Marine  
  40  3:32  Marine  
  42  3:38  SCV  
  46  3:43  Siege Tank  
  46  3:46  Marine  
  47  3:50  SCV, Marine  
  47  3:51  Supply Depot  
  47  3:53  SCV  
  50  3:58  Viking  
  52  4:03  SCV  
  52  4:04  Marine  
  54  4:10  Supply Depot  
  54  4:12  Marine  
  54  4:13  SCV  
  54  4:16  Siege Tank  
  59  4:20  SCV  
  59  4:22  Marine  
  61  4:25  SCV  
  61  4:26  Supply Depot  
  62  4:31  Marine  
  62  4:32  Viking  
  62  4:36  SCV  
  62  4:37  SCV  
  67  4:40  Marine  
  68  4:48  SCV  
  68  4:49  SCV, Marine  
  68  4:50  Cyclone  
  74  4:58  Marine  
  74  4:59  Supply Depot  
  75  5:00  SCV  
  75  5:01  SCV  
  75  5:02  Supply Depot  
  76  5:07  Marine  
  76  5:13  SCV  
  78  5:20  Marine, Viking  
  78  5:21  SCV  
  82  5:22  Supply Depot  
  82  5:25  Marine  
  82  5:26  SCV  
  84  5:30  Cyclone  
  84  5:33  SCV  
  87  5:38  SCV, Marine  
  87  5:43  Marine  
  87  5:45  SCV, Bunker  
  87  5:47  Bunker x2  
  86  5:50  SCV, Bunker  
  86  5:53  Viking  
  86  5:56  Marine  
  88  5:57  SCV  
  88  6:00  Marine  
  88  6:01  Bunker  
  88  6:02  SCV  
  90  6:05  Cyclone  
  90  6:09  SCV  
  90  6:14  SCV, Marine  
  90  6:15  Engineering Bay, Refinery  
  92  6:18  Marine  
  92  6:21  SCV  
  93  6:26  SCV  
  93  6:32  Marine  
  94  6:33  SCV  
  94  6:34  Barracks  
  94  6:35  Barracks  
  94  6:36  Marine, Starport Reactor  
  94  6:38  SCV  
  97  6:41  Bunker  
  97  6:45  SCV  
  98  6:49  Siege Tank, Marine  
  98  6:52  Supply Depot  
  101  6:54  Marine  
  101  7:00  Missile Turret  
  98  7:01  Command Center  
  98  7:05  Refinery  
  98  7:12  SCV x2  
  98  7:18  Marine x2  
  98  7:21  Viking x2  
  104  7:24  Barracks  
  104  7:25  Missile Turret  
  104  7:26  Barracks  
  104  7:27  Barracks Tech Lab  
  104  7:29  SCV  
  105  7:30  SCV  
  105  7:31  Factory Reactor  
  106  7:40  Marine x2  
  106  7:41  SCV  
  106  7:42  SCV  
  109  7:45  Marine x2  
  111  7:54  Supply Depot  
  111  7:55  Supply Depot  
  111  7:57  Marine  
  118  8:03  Supply Depot  
  117  8:06  Supply Depot  
Show
View Real Time Build Order
Export as new Build Order

DnS Protoss 

Build Orders: 1 Gate Expand, Phoenix Opening, Mass Phoenix 

Get SALT Encoding   

  12  0:00  Probe  
  13  0:12  Probe  
  14  0:17  Pylon  
  14  0:23  Probe  
  14  0:28  Assimilator  
  15  0:31  Probe  
  15  0:39  Probe  
  16  0:45  Gateway  
  17  0:50  Probe  
  18  1:03  Probe  
  19  1:15  Probe  
  20  1:22  Nexus  
  20  1:32  Cybernetics Core  
  20  1:34  Probe  
  20  1:39  Assimilator  
  21  1:46  Probe  
  22  1:50  Pylon  
  22  1:56  Stalker  
  22  1:58  Probe  
  23  2:11  Probe  
  23  2:13  Stargate  
  26  2:23  Probe  
  26  2:29  Sentry  
  29  2:30  Probe  
  29  2:33  Phoenix  
  29  2:35  Probe  
  31  2:38  Probe  
  31  2:39  Warp Gate  
  32  2:45  Shield Battery  
  32  2:47  Probe  
  32  2:48  Probe  
  34  2:54  Adept  
  36  2:59  Probe  
  36  3:01  Probe  
  36  3:02  Phoenix  
  40  3:10  Pylon  
  40  3:11  Probe  
  41  3:13  Probe  
  41  3:19  Phoenix  
  42  3:23  Probe  
  42  3:25  Probe  
  44  3:32  Gateway  
  46  3:35  Gateway  
  46  3:36  Probe  
  46  3:38  Probe  
  48  3:44  Phoenix  
  50  3:52  Probe x2  
  50  3:54  Pylon  
  52  4:03  Phoenix, Pylon  
  52  4:04  Probe  
  52  4:06  Probe  
  56  4:19  Probe  
  56  4:20  Nexus, Probe  
  56  4:22  Assimilator  
  58  4:29  Pylon  
  58  4:32  Probe x2  
  58  4:35  Phoenix  
  62  4:38  Stalker  
  64  4:46  Probe  
  64  4:47  Assimilator  
  64  4:48  Shield Battery  
  64  4:49  Stalker  
  67  4:55  Stalker  
  67  5:00  Phoenix  
  69  5:10  Stalker  
  69  5:11  Probe x2  
  73  5:15  Shield Battery, Pylon  
  73  5:24  Twilight Council  
  73  5:25  Forge  
  73  5:27  Zealot  
  73  5:28  Zealot  
  77  5:30  Pylon  
  77  5:34  Phoenix  
  77  5:40  Shield Battery  
  75  5:43  Stalker  
  71  5:57  Zealot  
  71  5:59  Phoenix  
  71  6:04  Charge, Gateway  
  68  6:14  Gateway  
  68  6:16  Gateway  
  68  6:19  Dark Shrine  
  68  6:24  Phoenix  
  65  6:33  Shield Battery  
  65  6:35  Stalker  
  65  6:43  Probe  
  61  6:49  Phoenix  
  61  6:51  Probe  
  58  7:00  Probe  
  46  7:10  Probe  
  42  7:18  Probe  
  42  7:20  Assimilator  
  39  7:27  Probe  
  39  7:32  Dark Templar x2  
  39  7:35  Zealot x2  
  46  7:39  Probe  
  47  7:44  Pylon  
  47  7:45  Phoenix  
  47  7:48  Probe  
  50  7:57  Probe, Dark Templar  
  52  8:01  Zealot  
  53  8:05  Probe  
Tags
 
Add a new tag
Caveats
  • Supply blocks, unpowered buildings, or Contaminate may cause inaccurate times.
  • Supply counts are checked every 10 seconds.